 Dungeon Crawl Stone Soup version 0.24-a0-335-g06ca16af6c (webtiles) character file.

Game seed: 12976079095734177058

11149 HAL9000 the Slicer (level 11, -1/50 HPs)
             Began as a Vine Stalker Assassin on May 17, 2019.
             Was a Priest of Dithmenos.
             Slain by a manticore (2 damage)
             ... on level 10 of the Dungeon on May 18, 2019.
             The game lasted 00:21:55 (7391 turns).

HAL9000 the Slicer (Vine Stalker Assassin)          Turns: 7391, Time: 00:21:56

Health: -1/50      AC: 14    Str: 22    XL:     11   Next: 73%
Magic:  0/22       EV: 11    Int: 14    God:    Dithmenos [***...]
Gold:   307        SH:  0    Dex: 16    Spells: 16/24 levels left

rFire    . . .     SeeInvis .   j - +0 dagger (elec)
rCold    . . .     Gourm    .   (no shield)
rNeg     . . .     Faith    .   D - +3 leather armour "Futhrelaa" {Int+2}
rPois    .         Spirit   +   N - +2 hat
rElec    .         Reflect  .   g - +2 cloak of the Hanged Man {Str+3}
rCorr    .         Harm     .   p - +0 pair of gloves
MR       +....                  (no boots)
Stlth    ++++......             (no amulet)
HPRegen  0.56/turn              y - +3 ring of strength
MPRegen  0.18/turn              (no ring)

@: about to teleport, wreathed by umbra
A: fangs 3, regeneration 1, magic shield, antimagic bite, no potion heal 3, rot
immunity
a: Shadow Step, Renounce Religion


You were on level 10 of the Dungeon.
You worshipped Dithmenos.
Dithmenos was most pleased with you.
You were not hungry.

You visited 2 branches of the dungeon, and saw 11 of its levels.

You collected 547 gold pieces.
You spent 240 gold pieces at shops.

Inventory:

Hand Weapons
 h - the +4 hand crossbow "Gisenwizo" {velocity, rC+ Str-5 Dex+3 SInv}
   (You found it on level 8 of the Dungeon)

   Any bolt fired from it inflicts extra damage.
   It affects your strength (-5).
   It affects your dexterity (+3).
   It protects you from cold.
   It lets you see invisible.
 j - a +0 dagger of electrocution (weapon)
Missiles
 d - 7 poisoned darts
 i - 3 javelins
 F - 5 atropa-tipped darts (quivered)
Armour
 g - the +2 cloak of the Hanged Man (worn) {Str+3}
   (You found it on level 6 of the Dungeon)

   It affects your strength (+3).
 p - a +0 pair of gloves (worn)
 v - a +2 leather armour of poison resistance
 D - the +3 leather armour "Futhrelaa" (worn) {Int+2}
   (You found it on level 6 of the Dungeon)

   It affects your intelligence (+2).
 N - a +2 hat (worn)
Jewellery
 y - a +3 ring of strength (left hand)
Wands
 o - a wand of polymorph (25)
 r - a wand of random effects (14)
 u - a wand of clouds (7)
 x - a wand of digging (6)
 I - a wand of acid (6)
 J - a wand of flame (15)
Scrolls
 c - 2 scrolls of brand weapon {unknown}
 e - 4 scrolls of teleportation
 n - a scroll of blinking {unknown}
 q - a scroll of magic mapping
 s - a scroll of immolation {unknown}
 w - 4 scrolls of remove curse
 A - 2 scrolls of noise {unknown}
 C - a scroll of summoning {unknown}
 E - a scroll of enchant weapon {unknown}
 H - 3 scrolls of enchant armour {unknown}
 K - a scroll of fog {unknown}
 L - a scroll of vulnerability {unknown}
Potions
 a - a potion of ambrosia {unknown}
 b - a potion of berserk rage
 k - 2 potions of might
 l - 2 potions of magic
 m - 3 potions of cancellation
 t - 3 potions of curing
 z - a potion of resistance
 B - a potion of mutation {unknown}
 G - 3 potions of invisibility {unknown}
Comestibles
 f - 22 rations
 M - 4 chunks of flesh


   Skills:
 - Level 1.7 Fighting
 - Level 10.1 Short Blades
 - Level 3.1 Throwing
 - Level 9.9 Armour
 - Level 0.7 Dodging
 - Level 6.0 Stealth
 + Level 7.1 Spellcasting
 + Level 7.1 Hexes


You had 16 spell levels left.
You knew the following spells:

 Your Spells              Type           Power        Failure   Level  Hunger
a - Confuse               Hex            ####....     2%          3    ##.....
b - Metabolic Englaciati  Hex/Ice        ##........   69%         5    #####..

Your spell library contained the following spells:

 Spells                   Type           Power        Failure   Level  Hunger
 Confusing Touch          Hex            ####..       1%          1    None
 Sandblast                Erth           #.....       16%         1    None
 Passwall                 Tmut/Erth      #.......     24%         2    None
 Gell's Gravitas          Tloc           #.........   43%         3    ##.....
 Stone Arrow              Conj/Erth      #.....       43%         3    ##.....
 Yara's Violent Unravell  Hex/Tmut       ##........   69%         5    #####..
 Petrify                  Tmut/Erth      #.......     83%         4    ####...
 Lee's Rapid Deconstruct  Erth           #.........   99%         5    #####..


Dungeon Overview and Level Annotations

Branches:
Dungeon (10/15)            Temple (1/1) D:4            Lair (0/6) D:10
    Orc (0/2) D:10

Altars:
Ashenzari
Cheibriados
Dithmenos
Elyvilon
Fedhas
Gozag
Hepliaklqana
Kikubaaqudgha
Makhleb
Nemelex Xobeh
Okawaru
Qazlal
Ru
Sif Muna
Trog
Uskayaw
Vehumet
Wu Jian
Xom
Yredelemnul
Zin
The Shining One

Shops:
D:6 (   D:7 :


Innate Abilities, Weirdness & Mutations

You have razor-sharp teeth.
Your natural rate of healing is unusually fast.
When hurt, damage is shared between your health and your magic reserves.
Your bite disrupts and absorbs the magic of your enemies.
Potions cannot restore your health.
You are immune to rotting.


Message History

The ogre zombie closely misses you.
As you read the scroll of teleportation, it crumbles to dust.
You feel strangely unstable. The manticore bites you!
* * * LOW HITPOINT WARNING * * *
The manticore barely misses you. The manticore claws you!
* * * LOW HITPOINT WARNING * * *
Unknown command.
You hit the manticore. You bite the manticore. You drain its power.
You feel invigorated.
The manticore is heavily wounded.
The ogre zombie hits you.
* * * LOW HITPOINT WARNING * * *
Unknown command.
You hit the manticore. You bite the manticore. You drain its power.
You feel invigorated.
The manticore is severely wounded.
The manticore barely misses you.
The manticore claws you but does no damage.
The manticore claws you!
You die...

.......... #####..... # #
#..... .#. #..... ..### #
#...## Z # #.#.##.# #...# .Z .
###..#...######...#
#.#..#.#.Z.H..# #.......# .
.....#.#@.# #.......# ##.#
.#.>$##ZZ# #####...##
#...#..#......# #.<...
##.##..#...#Z#.# # #.[...
#..#.W#...###.## ##.# #...##
#.....#.#.#...###..## #...#
#.##...#..##.......#####...#
###...#.##.##..#######.....รท.#
#...#..#.....#.#....##.......#


You could see a manticore, 2 orc zombies, an ogre zombie and an orc skeleton.

Vanquished Creatures
  Gastronok (D:9)
  Erolcha (D:9)
  A two-headed ogre (D:10)
  An elephant (D:10)
  A troll (D:10)
  A hippogriff (D:9)
  Sigmund (D:3)
  A basilisk (D:10)
  Grum (D:9)
  6 yaks (D:10)
  2 hungry ghosts (D:10)
  Duvessa (D:4)
  2 orc warriors (D:9)
  A sky beast (D:7)
  A black bear (D:8)
  5 ogres
  3 phantoms
  A necrophage (D:10)
  3 wolves (D:9)
  4 centaurs
  2 crocodiles
  A big kobold (D:8)
  3 bullfrogs
  Dowan (D:4)
  A wyvern skeleton (D:7)
  3 scorpions
  3 killer bees (D:10)
  9 wights
  A howler monkey (D:4)
  A centaur zombie (D:5)
  4 crimson imps
  4 jellies
  3 bullfrog zombies
  A hound (D:7)
  A quasit (D:2)
  A bullfrog skeleton (D:9)
  3 orc priests
  A centaur skeleton (D:6)
  3 orc wizards
  Jessica (D:2)
  3 iguanas (D:6)
  5 worker ants
  4 ogre zombies (D:10)
  A hound zombie (D:7)
  4 hound skeletons
  10 adders
  A howler monkey skeleton (D:4)
  A shadow imp (D:5)
  An ooze (D:4)
  An adder zombie (D:7)
  2 adder skeletons
  3 worms (D:2)
  A dart slug (D:2)
  7 leopard geckos
  17 orcs
  4 giant cockroaches
  7 goblins
  8 hobgoblins
  2 kobolds
  3 quokkas
  3 ball pythons
  9 bats
  4 frilled lizards
  A goblin skeleton (D:10)
  A goblin zombie (D:10)
  A hobgoblin zombie (D:10)
  An orc skeleton (D:10)
  6 orc zombies (D:10)
  8 rats
204 creatures vanquished.

Vanquished Creatures (others)
  A wolf (D:9)
1 creature vanquished.

Grand Total: 205 creatures vanquished

Notes
Turn   | Place    | Note
-------+----------+-------------------------------------------
     0 | D:1      | HAL9000 the Vine Stalker Assassin began the quest for the
                  | Orb.
     0 | D:1      | Reached XP level 1. HP: 11/11 MP: 2/2
    76 | D:1      | Reached skill level 2 in Short Blades
   135 | D:1      | Reached XP level 2. HP: 15/15 MP: 3/3
   565 | D:1      | Reached skill level 3 in Short Blades
   659 | D:1      | Reached XP level 3. HP: 15/18 MP: 4/4
  1050 | D:2      | Noticed a phantom
  1120 | D:2      | Killed a phantom
  1120 | D:2      | Reached skill level 4 in Short Blades
  1120 | D:2      | Gained mutation: Your natural rate of healing is unusually
                  | fast. [Vine Stalker growth]
  1120 | D:2      | Reached XP level 4. HP: 4/23 MP: 5/5
  1120 | D:2      | Reached XP level 5. HP: 4/26 MP: 6/6
  1462 | D:2      | Reached skill level 5 in Short Blades
  1495 | D:2      | Noticed Jessica
  1504 | D:2      | Killed Jessica
  1504 | D:2      | Reached XP level 6. HP: 30/30 MP: 7/7
  1820 | D:3      | Noticed Sigmund
  1902 | D:3      | Killed Sigmund
  1902 | D:3      | Reached skill level 6 in Short Blades
  2016 | D:3      | Reached XP level 7. HP: 34/34 MP: 8/8
  2214 | D:4      | Found a staircase to the Ecumenical Temple.
  2230 | D:4      | Reached skill level 7 in Short Blades
  2239 | Temple   | Entered the Ecumenical Temple
  2364 | Temple   | Became a worshipper of Dithmenos the Shadowed
  2493 | D:4      | Noticed Duvessa
  2497 | D:4      | Noticed Dowan
  2526 | D:4      | Killed Duvessa
  2623 | D:4      | Killed Dowan
  2623 | D:4      | Reached skill level 8 in Short Blades
  2819 | D:4      | Found a sparkling altar of Nemelex Xobeh.
  2900 | D:4      | Gained mutation: You have razor-sharp teeth. [Vine Stalker
                  | growth]
  2900 | D:4      | Reached XP level 8. HP: 38/38 MP: 9/9
  3126 | D:5      | Entered Level 5 of the Dungeon
  3227 | D:5      | Reached * piety under Dithmenos
  3426 | D:5      | Got an ancient robe
  3437 | D:5      | Identified the cursed +0 robe of Fezegrof {Regen+ Str+9
                  | Int-4 Dex-2} (You found it on level 5 of the Dungeon)
  3645 | D:5      | Reached skill level 9 in Short Blades
  3900 | D:6      | Got a crude cloak
  3911 | D:6      | Identified the +2 cloak of the Hanged Man {Str+3} (You
                  | found it on level 6 of the Dungeon)
  4007 | D:6      | Found Ebahion's Weapon Shop.
  4430 | D:6      | Reached skill level 10 in Short Blades
  4557 | D:6      | Got a dazzling leather armour
  4568 | D:6      | Identified the +3 leather armour "Futhrelaa" {Int+2} (You
                  | found it on level 6 of the Dungeon)
  4601 | D:7      | Found Gamank's Book Emporium.
  4691 | D:7      | Reached skill level 5 in Stealth
  4691 | D:7      | Reached XP level 9. HP: 35/42 MP: 8/10
  4733 | D:7      | Reached XP level 10. HP: 46/46 MP: 11/11
  4951 | D:7      | Bought a book of Misfortune for 240 gold pieces
  4955 | D:7      | Learned a level 3 spell: Confuse
  4961 | D:7      | Learned a level 5 spell: Metabolic Englaciation
  5125 | D:7      | Reached skill level 1 in Spellcasting
  5125 | D:7      | Reached skill level 1 in Hexes
  5240 | D:8      | Got a scorched hand crossbow
  5247 | D:8      | Identified the +4 hand crossbow "Gisenwizo" {velocity, rC+
                  | Str-5 Dex+3 SInv} (You found it on level 8 of the Dungeon)
  5249 | D:8      | Upgraded the game from 0.24-a0-333-g864f2b5d03 to
                  | 0.24-a0-335-g06ca16af6c
  5418 | D:8      | Reached ** piety under Dithmenos
  6141 | D:9      | Noticed Grum
  6142 | D:9      | Noticed Erolcha
  6210 | D:9      | Killed Erolcha
  6284 | D:9      | Noticed Gastronok
  6326 | D:9      | Killed Grum
  6457 | D:9      | Killed Gastronok
  6457 | D:9      | Reached skill level 5 in Spellcasting
  6457 | D:9      | Reached skill level 5 in Hexes
  6457 | D:9      | Reached XP level 11. HP: 17/50 MP: 17/19
  6539 | D:9      | Found the +5 robe of Misfortune {*Contam Harm *Corrode
                  | *Drain *Slow EV+5}
  6805 | D:10     | Entered Level 10 of the Dungeon
  6915 | D:10     | Reached *** piety under Dithmenos
  6974 | D:10     | Found a staircase to the Lair.
  7053 | D:10     | Noticed a two-headed ogre
  7100 | D:10     | Killed a two-headed ogre
  7280 | D:10     | Found a staircase to the Orcish Mines.
  7354 | D:10     | Noticed a manticore
  7390 | D:10     | HP: 1/50 [ogre zombie (2)]
  7391 | D:10     | Slain by a manticore

Levels and vault maps discovered:
D:1:      dpeg_arrival_radiant, layout_basic
D:2:      layout_basic, uniq_jessica
D:3:      layout_basic, first_ration, uniq_sigmund
D:4:      layout_cave_pools, nemelex_xobeh_ov_fountains_minmay,
          minmay_temple_entry_drinking_statues, uniq_duvessa
D:5:      layout_loops_ring
D:6:      layout_loops_cross, serial_shops, nicolae_shop_window_shopping,
          kennysheep_dice
D:7:      layout_cave_pools, serial_shops, nicolae_shop_stone
D:8:      layout_cave_pools, blue_anna_alchemist [blue_anna_fruit_fields,
          blue_anna_fruit_fields]
D:9:      layout_basic, uniq_gastronok, uniq_erolcha, uniq_grum
D:10:     layout_small_grid, david_lair_generic, zombieorc1_lemuel, uniq_urug
Temple:   kilobyte_greek_temple

Skill      XL: |  1  2  3  4  5  6  7  8  9 10 11 |
---------------+----------------------------------+-----
Short Blades   | 2 3 4 5 6 8 10 | 10.1
Throwing       | 2 3 |  3.1
Stealth        | 5 6 |  6.0
Armour         | 9 |  9.9
Spellcasting   | 5 7 |  7.1
Hexes          | 5 7 |  7.1
Fighting       | |  1.7
Dodging        | |  0.7

Action                   |  1- 3 |  4- 6 |  7- 9 | 10-12 || total
-------------------------+-------+-------+-------+-------++-------
Melee: Dagger            |    66 |    60 |   192 |   364 ||   682
       Bite              |    13 |    13 |    80 |   134 ||   240
Throw: Javelin           |    11 |     1 |       |       ||    12
       Dart              |       |     3 |     5 |    26 ||    34
Evoke: Wand              |       |       |       |     1 ||     1
  Use: Scroll            |       |       |     9 |     3 ||    12
       Potion            |       |       |     1 |     1 ||     2
 Stab: Sleeping          |    11 |     8 |     6 |    23 ||    48
       Distracted        |       |     1 |     1 |       ||     2
       Invisible         |       |       |       |     3 ||     3
  Eat: Chunk             |       |     3 |     8 |    11 ||    22
Armor: Robe              |     8 |     2 |    13 |       ||    23
       Leather armour    |       |       |    17 |    57 ||    74
Dodge: Dodged            |    22 |    25 |    59 |   134 ||   240

Table legend:
 A = Non-vault XP
 B = Vault XP
 C = Vault XP percentage of total XP
 D = Non-vault monster count
 E = Vault monster count
 F = Vault count percentage of total count
                 A         B        C        D         E       F
            +---------+---------+-------+---------+---------+-------
      Total |    7527 |    5945 |  44.1 |     170 |      34 |  16.7
            +---------+---------+-------+---------+---------+-------
        D:1 |      35 |       0 |   0.0 |      24 |       0 |   0.0
        D:2 |     282 |      37 |  11.6 |      21 |       1 |   4.5
        D:3 |      86 |     227 |  72.5 |      14 |       1 |   6.7
        D:4 |     331 |     234 |  41.4 |      17 |       2 |  10.5
        D:5 |     389 |       0 |   0.0 |      13 |       0 |   0.0
        D:6 |     522 |     234 |  31.0 |      15 |       3 |  16.7
        D:7 |     778 |       0 |   0.0 |      14 |       0 |   0.0
        D:8 |     676 |      91 |  11.9 |      14 |       1 |   6.7
        D:9 |    1515 |    3744 |  71.2 |      22 |       6 |  21.4
       D:10 |    2913 |    1378 |  32.1 |      16 |      20 |  55.6
            +---------+---------+-------+---------+---------+-------
